 Dungeon Crawl Stone Soup version 0.30-b1-2-g02819fbbbe (webtiles) character file.

Game seed: 18294743984567806935

2054 Hivemindfullness the Severer (level 9, 0/68 HPs)
             Began as a Hill Orc Gladiator on Nov 3, 2023.
             Slain by Duvessa
             ... wielding a +0 short sword
              (4 damage)
             ... on level 5 of the Dungeon.
             The game lasted 00:26:46 (5901 turns).

Hivemindfullness the Severer (Hill Orc Gladiator)   Turns: 5901, Time: 00:26:46

Health: 0/68       AC:  9    Str: 21    XL:     9   Next: 25%
Magic:  8/8        EV: 11    Int:  8    God:
Gold:   229        SH:  0    Dex: 12    Spells: 8/8 levels left

rFire   + . .        o - +0 broad axe (freeze)
rCold   . . .        g - orb {*Rage}
rNeg    . . .        q - +0 ring mail
rPois   .            f - +2 helmet
rElec   .            (no cloak)
rCorr   .            z - +0 pair of gloves
SInv    .            (no boots)
Will    .....        (no amulet)
Stlth   +            j - ring of wizardry
HPRegen 0.31/turn    (no ring)
MPRegen 0.11/turn

%: random rage (20%), wizardry (x1)
@: no status effects
A: fire resistance 1, low MP 1
a: no special abilities


You were on level 5 of the Dungeon.
You visited 1 branch of the dungeon, and saw 7 of its levels.

You collected 229 gold pieces.

Inventory:

Hand Weapons
 a - a +0 war axe
 o - a +0 broad axe of freezing (weapon)
Missiles
 d - 3 throwing nets
 l - 14 stones
 v - 4 poisoned darts (quivered)
 H - a javelin
Armour
 c - a +0 helmet
 f - a +2 helmet (worn)
 g - an orb of wrath (worn)
 n - a +2 helmet
 q - a +0 ring mail (worn)
 z - a +0 pair of gloves (worn)
Jewellery
 j - a ring of wizardry (left hand)
 m - an amulet of magic regeneration
Wands
 I - a wand of mindburst (3)
Scrolls
 h - 2 scrolls of fog {unknown}
 k - 3 scrolls of identify {unknown}
 r - 3 scrolls of teleportation
 s - a scroll of poison {unknown}
 t - a scroll of enchant armour {unknown}
 u - a scroll of immolation {unknown}
 x - a scroll of fear {unknown}
 y - a scroll of magic mapping {unknown}
 A - 2 scrolls of vulnerability {unknown}
 B - a scroll of torment {unknown}
 D - a scroll of summoning {unknown}
 E - 3 scrolls of enchant weapon {unknown}
Potions
 b - 2 potions of mutation
 e - a potion of berserk rage {unknown}
 i - a potion of attraction {unknown}
 p - 2 potions of lignification {unknown}
 w - a potion of resistance {unknown}
 C - a potion of ambrosia {unknown}
 F - a potion of magic {unknown}
 G - 2 potions of flight {unknown}
 J - a potion of curing {unknown}


   Skills:
 - Level 2.4 Fighting
 + Level 15.6 Axes
 - Level 1.7 Throwing
 - Level 2.4 Dodging


You had 8 spell levels left.
You didn't know any spells.
Your spell library contained the following spells:

 Spells                   Type           Power      Damage    Failure   Level
 Lesser Beckoning         Tloc           0%         N/A       38%         2
 Gell's Gravitas          Tloc           0%         N/A       61%         3
 Portal Projectile        Hex/Tloc       0%         N/A       61%         3
 Teleport Other           Tloc           0%         N/A       61%         3
 Tukima's Dance           Hex            0%         N/A       61%         3
 Blade Hands              Tmut           0%         N/A       100%        5


Dungeon Overview and Level Annotations

Branches:
Dungeon (7/15)
 Temple: D:4-7

Altars:
Uskayaw

Annotations:
D:5 Duvessa
D:6 Grinder


Innate Abilities, Weirdness & Mutations

Your flesh is heat resistant. (rF+)
Your magical capacity is low. (-10% MP)


Message History

You hit Duvessa but do no damage. Duvessa hits you with a +0 short sword!
Duvessa closely misses you.
You hit Duvessa. You freeze Duvessa.
Duvessa is lightly wounded.
Duvessa hits you with a +0 short sword!
You slash Duvessa! You freeze Duvessa.
Duvessa is heavily wounded.
Duvessa hits you but does no damage.
You hit Duvessa but do no damage.
Duvessa is heavily wounded.
Duvessa hits you with a +0 short sword.
You slash Duvessa! You freeze Duvessa.
Duvessa is severely wounded.
Duvessa hits you with a +0 short sword!
* * * LOW HITPOINT WARNING * * *
You barely miss Duvessa.
Duvessa is severely wounded.
Duvessa hits you with a +0 short sword!
* * * LOW HITPOINT WARNING * * *
Duvessa barely misses you.
Press: ? - help, v - describe, . - travel
Here: Duvessa, wielding a +0 short sword and wearing a +0 leather armour (severely wounded, berserk)
The floor, spattered with blood.
Unknown command.
Unknown command.
You hit Duvessa but do no damage.
Duvessa is severely wounded.
Duvessa hits you with a +0 short sword.
* * * LOW HITPOINT WARNING * * *
You hit Duvessa. You freeze Duvessa.
Duvessa is severely wounded.
You recover from your berserk rage.
Duvessa hits you but does no damage.
You closely miss Duvessa.
Duvessa is severely wounded.
Duvessa closely misses you.
You hit Duvessa. You freeze Duvessa.
Duvessa is severely wounded.
Duvessa hits you with a +0 short sword.
You die...

..#..8..#.....#.......#....#.....
....888.)..)÷....)....#....#.....
..#..8).#...÷.#.......#....#.....
..#.....#.....#.......#....#.....
#####.#####.###.......#....'.....
..#..#..#.............'....#.....
))#.....#.....#.......#....#.....
...#.#.#......#.......#....#.....
..#.....#.....'.@.....##+###.....
..#..#..#.....#.e.....# #.....
..###.###.#...#.......# #.....
..........#...#.......# +.....
.....#........#.......# #.....
.)...#........#.......# #....)
.....#........'.......######.....
.....#........#.......#....#.....
#........#.......'....#.....


You could see Duvessa (berserk).

Vanquished Creatures
  Pikel (D:5)
  Menkaure (D:5)
  A water moccasin (D:7)
  An orc warrior (D:7)
  A black bear (D:4)
  4 ogres
  An ice beast (D:5)
  A centaur (D:5)
  A lemure (D:4)
  3 scorpions
  Dowan (D:5)
  A howler monkey (D:4)
  A crimson imp (D:4)
  2 hounds
  A jelly (D:4)
  2 iguanas (D:4)
  4 orc wizards (D:5)
  7 adders
  3 gnolls (D:4)
  2 white imps
  2 dart slugs
  13 orcs
  7 ball pythons
  7 endoplasms
  4 giant cockroaches
  4 goblins
  5 hobgoblins
  3 jackals (D:4)
  4 kobolds
  3 quokkas
  4 bats
  5 frilled lizards
  2 rats
102 creatures vanquished.

Notes
Turn   | Place    | Note
-------+----------+-------------------------------------------
     0 | D:1      | Hivemindfullness the Hill Orc Gladiator began the quest for
                  | the Orb.
     0 | D:1      | Reached XP level 1. HP: 18/18 MP: 1/1
   647 | D:1      | Reached XP level 2. HP: 25/25 MP: 2/2
   686 | D:1      | Found a faded altar of an unknown god.
   937 | D:1      | Reached skill level 5 in Axes
  1311 | D:2      | Reached XP level 3. HP: 30/30 MP: 3/3
  1493 | D:2      | Reached skill level 6 in Axes
  1537 | D:2      | Identified the +0 dagger of Peril {flame, rC++}
  1547 | D:2      | Reached XP level 4. HP: 37/37 MP: 4/4
  2031 | D:3      | Found a hide-covered altar of Uskayaw.
  2038 | D:3      | Noticed a +0 dagger
  2038 | D:3      | Noticed a +0 hand axe
  2984 | D:4      | Noticed a scorpion
  2994 | D:4      | Killed a scorpion
  2995 | D:4      | Reached skill level 7 in Axes
  2995 | D:4      | Reached XP level 5. HP: 42/42 MP: 5/5
  3024 | D:4      | Noticed an ogre
  3053 | D:4      | Killed an ogre
  3054 | D:4      | Reached skill level 8 in Axes
  3054 | D:4      | Reached XP level 6. HP: 21/50 MP: 6/6
  3082 | D:4      | Reached skill level 9 in Axes
  3349 | D:4      | Noticed a black bear
  3374 | D:4      | Killed a black bear
  3520 | D:4      | Reached skill level 10 in Axes
  3520 | D:4      | Reached XP level 7. HP: 56/56 MP: 7/7
  3952 | D:4      | Reached skill level 11 in Axes
  4095 | D:4      | You fall into a shaft and drop 3 floors!
  4265 | D:7      | Reached skill level 12 in Axes
  4265 | D:7      | Reached XP level 8. HP: 62/62 MP: 8/8
  4345 | D:6      | Noticed Grinder
  4345 | D:6      | Paralysed by Grinder for 5 turns
  4355 | D:5      | Entered Level 5 of the Dungeon
  4403 | D:5      | Noticed Menkaure
  4432 | D:5      | Noticed Pikel
  4452 | D:5      | Gained mutation: Your magical capacity is low. (-10% MP)
                  | [potion of mutation]
  4452 | D:5      | Gained mutation: Your flesh is heat resistant. (rF+)
                  | [potion of mutation]
  5372 | D:5      | Killed Menkaure
  5373 | D:5      | Reached skill level 13 in Axes
  5489 | D:5      | Noticed Duvessa
  5553 | D:5      | Noticed Dowan
  5559 | D:5      | Killed Dowan
  5618 | D:5      | Reached skill level 14 in Axes
  5623 | D:5      | Killed Pikel
  5624 | D:5      | Reached skill level 15 in Axes
  5624 | D:5      | Reached XP level 9. HP: 68/68 MP: 8/8
  5901 | D:5      | Slain by Duvessa

Illustrated notes

Levels and vault maps discovered:
D:1:      lightli_arrival_isolated_outpost, layout_basic,
          shapermc_ecumenical_altar_notcrosses, amcnicky_mini_pool_small
D:2:      layout_basic, minmay_hexomino_p4
D:3:      layout_basic, dancing_weapons_uskayaw
D:4:      layout_loops_ring, minmay_fire_ice_demons
D:5:      layout_gridville, minmay_chambers_of_fives, uniq_pikel,
          uniq_crazy_yiuf_cottage, uniq_duvessa, uniq_menkaure
D:6:      layout_rooms, minmay_temple_entry_grid, uniq_grinder,
          uniq_blork_the_orc, uniq_eustachio
D:7:      layout_basic

Skill      XL: |  1  2  3  4  5  6  7  8 |
---------------+-------------------------+-----
Axes           | 5 6 7 8 10 12 15 | 15.6
Fighting       | |  2.4
Throwing       | |  1.7
Dodging        | |  2.4

Action                     |  1- 3 |  4- 6 |  7- 9 || total
---------------------------+-------+-------+-------++-------
  Melee: War axe           |    48 |       |       ||    48
         Broad axe         |    25 |    47 |   146 ||   218
  Throw: Stone             |    20 |    20 |     8 ||    48
         Dart              |       |    13 |     5 ||    18
         Javelin           |       |     1 |     3 ||     4
         Boomerang         |       |       |     2 ||     2
    Use: Scroll            |       |       |     2 ||     2
         Potion            |       |       |     2 ||     2
 Armour: Leather armour    |    24 |       |       ||    24
         Ring mail         |    13 |    25 |    51 ||    89
  Dodge: Dodged            |    57 |    19 |   102 ||   178
